 Dungeon Crawl Stone Soup version 0.15-a0-1950-gbc841a2 (webtiles) character file.

104 Quh the Shooter (level 4, 0/28 HPs)
             Began as a High Elf Arcane Marksman on July 9, 2014.
             Was an Initiate of Yredelemnul.
             Succumbed to an adder's poison
             ... on Level 3 of the Dungeon.
             The game lasted 00:10:27 (1943 turns).

Quh the Shooter (High Elf Arcane Marksman)          Turns: 1943, Time: 00:10:27

HP   0/28        AC  3     Str 10      XL: 4   Next: 52%
MP   6/11        EV 12     Int 17      God: Yredelemnul [......]
Gold 164         SH  0     Dex 15      Spells:  3 memorised,  2 levels left

rFire  . . .     SeeInvis .     a - +0 shortbow
rCold  . . .     Clarity  .     m - +1 robe
rNeg   . . .     rCorr    .     (no shield)
rPois  .         rRot     .     (no helmet)
rElec  .         Spirit   .     (no cloak)
SustAb .         Warding  .     (no gloves)
rMut   .         Stasis   .     (no boots)
Gourm  .                        (no amulet)
MR     .....                    (no ring)
                                (no ring)

@: lethally poisoned, not resistant to hostile enchantments, very unstealthy
A: no striking features
a: Renounce Religion


You were on level 3 of the Dungeon.
You worshipped Yredelemnul.
Yredelemnul was noncommittal.
You were very hungry.

You visited 1 branch of the dungeon, and saw 3 of its levels.

You collected 164 gold pieces.

Inventory:

Hand weapons
 a - a +0 shortbow (weapon)
 b - a +0 whip
 o - a +0 mace
 q - a +1 vampiric short sword
 u - a -3 short sword
Missiles
 c - 72 arrows (quivered)
 h - 13 bolts of frost
Armour
 m - a +1 robe (worn)
Comestibles
 f - 4 bread rations
 g - 2 meat rations
 v - 2 fruits
Scrolls
 e - a scroll of enchant weapon {unknown}
 i - a scroll of fog
 j - 2 scrolls of identify {unknown}
 k - 2 scrolls of enchant armour
 l - 3 scrolls of remove curse
 n - a scroll of random uselessness {unknown}
 r - a scroll of fear {unknown}
 y - a scroll of amnesia {unknown}
Jewellery
 w - an uncursed ring of fire {unknown}
Potions
 p - 3 potions of curing {unknown}
 s - 2 potions of lignification {unknown}
 t - a potion of heal wounds {unknown}
 x - a potion of agility {unknown}
 z - a potion of haste
Books
 d - a book of Debilitation

   Spells                             Type                      Level
   *Corona                            Hexes                        1
   *Slow                              Hexes                        2
   *Inner Flame                       Hexes/Fire                   3
   Enslavement                        Hexes                        4
   Cause Fear                         Hexes                        4
   Leda's Liquefaction                Hexes/Earth                  4


   Skills:
 - Level 1.0 Fighting
 * Level 4.9 Bows
 - Level 2.1 Dodging
 * Level 2.8 Spellcasting
 - Level 3.5 Hexes


You had 2 spell levels left.
You knew the following spells:

 Your Spells              Type           Power        Failure   Level  Hunger
a - Corona                Hex            ##.....      4%          1    #......
b - Slow                  Hex            ##......     10%         2    ##.....
c - Inner Flame           Hex/Fire       #.......     30%         3    ###....


Dungeon Overview and Level Annotations

Branches:
Dungeon (3/15)

Altars:
Kikubaaqudgha
Nemelex Xobeh
Yredelemnul

Annotations:
D:3 Ijyb


Message History

You feel sick.
Ijyb screams, "Die!"
Ijyb misses you.
Found 16 gold pieces.
Ijyb hits you with a club.
* * * LOW HITPOINT WARNING * * *
Found 14 sling bullets of flame.
Casting: Corona
Confirm with . or Enter, or press ? or * to list all spells.
Aiming: Slow
Press: ? - help, Shift-Dir - straight line, f/p - rat
Aim: a rat (moderately wounded, inner flame)
The rat struggles to resist.
You feel sick. Ijyb hits you with a club.
* * * LOW HITPOINT WARNING * * *
The rat bites you.
* * * LOW HITPOINT WARNING * * *
Ijyb closely misses you.
Found a scroll labeled EBETUO SCHEIGO.
You die...
Your body rises from the dead as a mindless zombie.

#(..#
#......
#...#
#.#####
#...#
#.# #
#...#
#.# #
#...#
#.# #
#...#
#.. #
#rg.#
#.# #
+...+
#.# #
#.@.#
#.# #
#...#
#.# #
#...#
#...#
#$..#
#(..#
#...#
+..?+
...


You could see Ijyb and a rat (inner flame).

Vanquished Creatures
  A centaur skeleton (D:3)
  Terence (D:2)
  A gnoll (D:1)
  2 adders (D:3)
  A giant gecko (D:1)
  An orc (D:3)
  5 bats
  A giant cockroach (D:2)
  2 goblins
  6 hobgoblins
  A ball python (D:1)
  2 giant newts
  9 kobolds
  6 rats
39 creatures vanquished.

Notes
Turn   | Place    | Note
--------------------------------------------------------------
     0 | D:1      | Quh, the High Elf Arcane Marksman, began the quest for the Orb.
     0 | D:1      | Reached XP level 1. HP: 13/13 MP: 3/3
     6 | D:1      | Noticed a worker ant
     6 | D:1      | Noticed a black mamba
     6 | D:1      | Noticed a wolf
   335 | D:1      | Reached XP level 2. HP: 18/18 MP: 1/4
   347 | D:1      | Learned a level 2 spell: Slow
   848 | D:2      | Reached XP level 3. HP: 23/23 MP: 4/6
   881 | D:2      | Noticed Terence
   913 | D:2      | Killed Terence
   913 | D:2      | Reached skill level 4 in Bows
  1151 | D:2      | Found a basalt altar of Yredelemnul.
  1230 | D:2      | Became a worshipper of Yredelemnul the Dark
  1278 | D:2      | Found an ancient bone altar of Kikubaaqudgha.
  1477 | D:2      | Learned a level 3 spell: Inner Flame
  1829 | D:3      | Found a sparkling altar of Nemelex Xobeh.
  1890 | D:3      | Reached XP level 4. HP: 26/28 MP: 11/11
  1920 | D:3      | Noticed Ijyb
  1940 | D:3      | HP: 1/28 [rat (1)]
  1943 | D:3      | Succumbed to an adder's poison

Action                   |  1- 3 |  4- 6 || total
-------------------------+-------+-------++-------
Melee: Whip              |    24 |       ||    24
 Fire: Shortbow          |    78 |    14 ||    92
 Cast: Corona            |    27 |     2 ||    29
       Slow              |     3 |     2 ||     5
       Inner Flame       |       |     1 ||     1
  Use: Scroll            |     3 |       ||     3
  Eat: Chunk             |     3 |       ||     3
